 Dungeon Crawl Stone Soup version 0.29-a0-551-gffc1d7fb78 (webtiles) character file.

Game seed: 992384145229240264

30 shadowstone the Skirmisher (level 3, -6/24 HPs)
             Began as a Gargoyle Fighter on June 5, 2022.
             Mangled by a gnoll
             ... wielding a +0 whip
              (7 damage)
             ... on level 2 of the Dungeon.
             The game lasted 00:02:45 (580 turns).

shadowstone the Skirmisher (Gargoyle Fighter)        Turns: 580, Time: 00:02:46

Health: -6/24      AC: 12    Str: 21    XL:     3   Next: 18%
Magic:  3/3        EV:  7    Int:  8    God:
Gold:   36         SH:  4    Dex:  9    Spells: 2/2 levels left

rFire   . . .      SeeInvis .   a - +0 trident
rCold   . . .      Faith    .   c - +0 buckler
rNeg    + . .      Spirit   .   f - +0 chain mail
rPois   ∞          Reflect  .   (no helmet)
rElec   +          Harm     .   (no cloak)
rCorr   .          Rampage  .   (no gloves)
Will    .....                   (no boots)
Stlth   ..........              (no amulet)
HPRegen 0.08/turn               (no ring)
MPRegen 0.08/turn               (no ring)

@: brilliant
A: sickness immunity, AC +3, negative energy resistance 1, electricity
resistance, torment resistance 1, petrification resistance
a: no special abilities


You were on level 2 of the Dungeon.
You visited 1 branch of the dungeon, and saw 2 of its levels.

You collected 36 gold pieces.

Inventory:

Hand Weapons
 a - a +0 trident (weapon)
Armour
 b - a +0 scale mail
 c - a +0 buckler (worn)
 f - a +0 chain mail (worn)
Potions
 d - 2 potions of might


   Skills:
 + Level 3.9 Fighting
 + Level 2.0 Polearms
 + Level 3.7 Armour
 + Level 3.5 Shields


You had 2 spell levels left.
You didn't know any spells.
Your spell library was empty.

Dungeon Overview and Level Annotations

Branches:
Dungeon (2/15)

Altars:


Innate Abilities, Weirdness & Mutations

You are immune to sickness and miasma.
Your stone body is resilient. (AC +3)
You are immune to poison.
You resist negative energy. (rN+)
You are resistant to electric shocks. (rElec)
You are resistant to unholy torment.
You are immune to petrification.


Message History

The hobgoblin hits you but does no damage.
The bat attacks as you move away! The bat hits you but does no damage. x2
The quokka barely misses you. The bat hits you.
* * * LOW HITPOINT WARNING * * *
The quokka twitches its whiskers.
The hobgoblin attacks as you move away!
The hobgoblin hits you but does no damage.
The bat hits you but does no damage. The hobgoblin attacks as you move away!
The hobgoblin hits you but does no damage.
The bat hits you but does no damage. The hobgoblin attacks as you move away!
The hobgoblin closely misses you. You block the bat's attack.
An adder comes into view.
The adder hisses angrily.
The bat hits you but does no damage.
The quokka twitches its whiskers.
A gnoll comes into view. It is wielding a +0 whip.
The bat hits you but does no damage.
The gnoll moves out of view.
A bat comes into view.
You block the bat's attack. The hobgoblin attacks as you move away!
The hobgoblin hits you but does no damage.
A gnoll comes into view. It is wielding a +0 whip.
The gnoll shouts!
You block the bat's attack.
The gnoll moves out of view.
The bat attacks as you move away! The bat hits you but does no damage. x2
The adder bites you.
* * * LOW HITPOINT WARNING * * *
A gnoll comes into view. It is wielding a +0 spear.
The quokka barely misses you.
Found 13 gold pieces.
The gnoll shouts!
You block the bat's attack. The bat hits you but does no damage. x2
You block the adder's attack.
Found a pearl ring.
The bat hits you but does no damage. You block the bat's attack.
The gnoll hits you but does no damage. The bat hits you but does no damage.
The gnoll hits you with a +0 whip!
You die...

###)..##.#.....######
.
##..........#........
..
#.††.......÷....#####
...#..#..##.......##
#............)..#.####
.. #........gr.......#
#...
.........rSg#.#..##
....
........##b#......
#...
........##@g.Pg.P..
#...
........##..PP....P.
........#bg.P..P.. ...
....P.P... ........P..
......PP...P
...$.....PP.P
...........=..


You could see 3 gnolls, an adder, 2 quokkas, 2 hobgoblins and 2 bats.

Vanquished Creatures
  An adder (D:2)
  2 dart slugs (D:2)
  A bat (D:2)
  2 endoplasms (D:1)
  2 giant cockroaches (D:2)
  A goblin (D:1)
  A quokka (D:2)
  2 frilled lizards (D:2)
  3 kobolds
  2 rats
17 creatures vanquished.

Vanquished Creatures (others)
  A plant (D:2)
1 creature vanquished.

Grand Total: 18 creatures vanquished

Notes
Turn   | Place    | Note
-------+----------+-------------------------------------------
     0 | D:1      | shadowstone the Gargoyle Fighter began the quest for the
                  | Orb.
     0 | D:1      | Reached XP level 1. HP: 14/14 MP: 1/1
   334 | D:2      | Reached XP level 2. HP: 19/19 MP: 2/2
   392 | D:2      | Reached XP level 3. HP: 13/24 MP: 3/3
   578 | D:2      | HP: 1/24 [adder (2)]
   580 | D:2      | Mangled by a gnoll

Illustrated notes

Levels and vault maps discovered:
D:1:      nicolae_arrival_washed_ashore, layout_basic
D:2:      layout_rooms, nicolae_grassy_gnolls

Skill      XL: |  1  2 |
---------------+-------+-----
Polearms       | 2 |  2.0
Fighting       | |  3.9
Armour         | |  3.7
Shields        | |  3.5

Action                   || total
-------------------------++-------
Melee: Trident           ||    46
  Use: Scroll            ||     1
       Potion            ||     1
Armor: Chain mail        ||   121
       Scale mail        ||     1
Dodge: Dodged            ||    95
Block: Buckler           ||    34

Table legend: (Time is in decaauts)
 A = Elapsed time spent in this place.
 B = Non-inter-level travel time spent in this place.
 C = Inter-level travel time spent in this place.
 D = Time resting spent in this place.
 E = Time spent auto-exploring this place.
 F = Levels seen in this place.
 G = Mean time per level.
                   A        B        C        D        E       F      G
               +--------+--------+--------+--------+--------+-----+--------+
         Total |    591 |    591 |      0 |    132 |      0 |   2 |  295.5 |
       Dungeon |    591 |    591 |      0 |    132 |      0 |   2 |  295.5 |
               +--------+--------+--------+--------+--------+-----+--------+

Top non-repeatable levels by time:
     D:1: 326 daAuts
     D:2: 264 daAuts
